 Dungeon Crawl Stone Soup version 0.28.0-45-g0d030f2227 (webtiles) character file.

Game seed: 6168662697134058360

352 nickcage the Firebug (level 6, -1/32 HPs)
             Began as a Deep Elf Fire Elementalist on Apr 5, 2022.
             Slain by a mummy (15 damage)
             ... in an ossuary.
             The game lasted 00:15:09 (4259 turns).

nickcage the Firebug (Deep Elf Fire Elementalist)   Turns: 4259, Time: 00:15:10

Health: -1/32      AC:  2    Str:  5    XL:     6   Next: 34%
Magic:  0/14       EV: 12    Int: 22    God:
Gold:   141        SH:  0    Dex: 15    Spells: 10/13 levels left

rFire   . . .      SeeInvis .   d - +1 spear (vorpal)
rCold   . . .      Faith    .   i - orb {*channel}
rNeg    . . .      Spirit   .   a - +0 robe
rPois   .          Reflect  .   (no helmet)
rElec   .          Harm     .   (no cloak)
rCorr   .          Rampage  .   (no gloves)
Will    +....                   (no boots)
Stlth   ++........              m - amulet of regeneration
HPRegen 0.90/turn               n - ring of willpower
MPRegen 0.14/turn               (no ring)

@: no status effects
A: no striking features
a: no special abilities


You were in an ossuary.
You visited 1 branch of the dungeon, and saw 4 of its levels.
You also visited: Ossuary.

You collected 141 gold pieces.

Inventory:

Hand Weapons
 c - a +0 dagger
 d - a +1 vorpal spear (weapon)
Missiles
 e - 10 poisoned darts
Armour
 a - a +0 robe (worn)
 i - an orb of energy (worn)
Jewellery
 m - an amulet of regeneration (around neck)
 n - a ring of willpower (left hand)
Scrolls
 b - 5 scrolls of identify
Potions
 f - 2 potions of lignification
 h - a potion of magic {unknown}
 j - a potion of curing {unknown}
 l - a potion of brilliance {unknown}


   Skills:
 - Level 2.4 Dodging
 - Level 2.4 Stealth
 * Level 4.1 Spellcasting
 * Level 1.6 Conjurations
 + Level 7.4 Fire Magic


You had 10 spell levels left.
You knew the following spells:

 Your Spells              Type           Power      Damage    Failure   Level
a - Foxfire               Conj/Fire      96%        2x1d8     1%          1
b - Scorch                Fire           74%        2d8       1%          2

Your spell library contained the following spells:

 Spells                   Type           Power      Damage    Failure   Level
 Conjure Flame            Conj/Fire      24%        6-21      5%          3
 Inner Flame              Hex/Fire       20%        N/A       8%          3
 Corpse Rot               Necr/Air       8%         N/A       17%         2
 Flame Wave               Conj/Fire      24%        2d7       17%         4
 Dispel Undead            Necr           4%         3d7       73%         4
 Death Channel            Necr           2%         N/A       100%        6


Dungeon Overview and Level Annotations

Branches:
Dungeon (4/15)            Ossuary (1/1)
 Temple: D:4-7

Altars:
Gozag


Message History

The centaur zombie hits you. The centaur zombie misses you.
Flames lash the human zombie.
The human zombie is lightly damaged.
The human zombie's fire resistance burns away.
The centaur zombie completely misses you.
The centaur zombie kicks you but does no damage.
The centaur zombie hits you. The centaur zombie kicks you.
Flames lash the human zombie.
The human zombie is burned terribly!
The human zombie is heavily damaged.
The centaur zombie hits you.
The centaur zombie kicks you but does no damage.
You hit the centaur zombie.
The centaur zombie is moderately damaged.
The centaur zombie misses you. The centaur zombie kicks you.
You hit the centaur zombie.
The centaur zombie is heavily damaged.
The centaur zombie misses you.
The centaur zombie kicks you but does no damage.
The centaur zombie closely misses you. x2
You hit the centaur zombie.
The centaur zombie is heavily damaged.
The centaur zombie barely misses you. The centaur zombie kicks you.
You hit the centaur zombie.
The centaur zombie is severely damaged.
The centaur zombie hits you. The centaur zombie closely misses you.
You hit the mummy.
The mummy is lightly damaged.
You barely miss the mummy.
The mummy is lightly damaged.
You hit the mummy but do no damage.
The mummy is lightly damaged.
The mummy hits you!
You are too injured to fight recklessly!
Casting: Scorch (safe; 1% risk of failure)
Press: ? - help, Q - select action, (/) - cycle Dir - look around, f - activate Flames lash the elf zombie.
The elf zombie is burned terribly!
The elf zombie is severely damaged.
The centaur zombie is no longer more vulnerable to fire.
The mummy hits you!
You die...

### ###.###
##.....##
#.......#
#.......#
#...Z...#
#.ZZZ.# #M#
#@# ###.###
##.....##
#.......#
##...∩...##
+...∩∩∩...+
##...∩...##
#.......#
##.....##


You could see a mummy, an elf zombie (combustible), 2 centaur zombies and a
human zombie (combustible).

Vanquished Creatures
  An ogre (D:3)
  2 howler monkeys
  A jelly (D:4)
  6 gnolls
  3 adders (D:3)
  2 worms (D:2)
  A dart slug (D:1)
  2 endoplasms
  5 giant cockroaches
  7 goblins
  4 hobgoblins
  12 jackals
  4 quokkas
  7 ball pythons
  3 bats
  2 frilled lizards
  2 kobolds (D:3)
  A rat (D:1)
65 creatures vanquished.

Vanquished Creatures (others)
  15 foxfires (D:1)
15 creatures vanquished.

Grand Total: 80 creatures vanquished

Notes
Turn   | Place    | Note
-------+----------+-------------------------------------------
     0 | D:1      | nickcage the Deep Elf Fire Elementalist began the quest for
                  | the Orb.
     0 | D:1      | Reached XP level 1. HP: 10/10 MP: 6/6
   332 | D:1      | Reached XP level 2. HP: 15/15 MP: 4/8
   335 | D:1      | Learned a level 2 spell: Scorch
   401 | D:1      | Reached skill level 4 in Fire Magic
   885 | D:1      | Reached XP level 3. HP: 10/19 MP: 1/9
  1786 | D:2      | Reached skill level 5 in Fire Magic
  2606 | D:3      | Reached XP level 4. HP: 24/24 MP: 5/10
  2625 | D:2      | HP: 1/24 [howler monkey (7)]
  2628 | D:2      | Reached skill level 6 in Fire Magic
  3121 | D:3      | Reached XP level 5. HP: 24/28 MP: 8/11
  3301 | D:3      | Found an opulent altar of Gozag.
  3422 | D:3      | Reached skill level 7 in Fire Magic
  3809 | D:3      | Found a faded altar of an unknown god.
  4034 | D:4      | Noticed an ogre
  4161 | D:3      | Killed an ogre
  4162 | D:3      | Reached XP level 6. HP: 26/32 MP: 8/14
  4228 | D:4      | Found a sand-covered staircase.
  4236 | Ossuary  | Entered an ossuary
  4259 | Ossuary  | Slain by a mummy

Illustrated notes

Levels and vault maps discovered:
D:1:      heliophobic_arrival_enchanted_forest, layout_basic, interstate_on_off
D:2:      layout_loops_ring, minmay_bisected
D:3:      layout_rooms, mainiacjoe_overflow_concentric_impassable,
          dilly_ecumenical_altar_fadedgnrine, serial_curves, eino_curves_02,
          eino_curves_02
D:4:      minmay_chambers_of_fours, layout_basic, enter_ossuary_3
Ossuary:  ossuary_minmay_four_chambers

Skill      XL: |  1  2  3  4  5 |
---------------+----------------+-----
Fire Magic     | 4 5 6 7 |  7.4
Spellcasting   | 4 |  4.1
Dodging        | |  2.4
Stealth        | |  2.4
Conjurations   | |  1.6

Action                   |  1- 3 |  4- 6 || total
-------------------------+-------+-------++-------
Melee: Spear             |     6 |    16 ||    22
 Cast: Foxfire           |    10 |       ||    10
       Scorch            |    43 |    48 ||    91
  Use: Scroll            |       |     3 ||     3
 Stab: Sleeping          |     1 |       ||     1
Armor: Robe              |     1 |    12 ||    13
Dodge: Dodged            |    11 |    34 ||    45
